 Dungeon Crawl Stone Soup version 0.25.1-2-g60ff931df9 (webtiles) character file.

Game seed: 17747640945102213256

130413 Mrkan the Champion of Chaos (level 16, -13/134 HPs)
             Began as a Demonspawn Fighter on Nov 10, 2020.
             Was the Champion of Makhleb.
             Killed from afar by Mara (illusionary) (23 damage)
             ... with a bolt of fire
             ... on level 3 of the Swamp.
             The game lasted 01:18:12 (30902 turns).

Mrkan the Champion of Chaos (Demonspawn Fighter)   Turns: 30902, Time: 01:18:13

Health: -13/134    AC: 32    Str: 29    XL:     16   Next: 52%
Magic:  0/27       EV: 26    Int: 13    God:    Makhleb [******]
Gold:   1333       SH: 13    Dex: 13    Spells: 15/15 levels left

rFire    . . .     SeeInvis .   g - +2 flail (venom)
rCold    . . .     Gourm    .   c - +1 kite shield
rNeg     . . .     Faith    .   C - +0 plate armour
rPois    .         Spirit   +   u - +1 helmet
rElec    .         Reflect  .   N - +0 cloak
rCorr    .         Harm     .   V - +2 pair of gloves {Str+3}
MR       +....                  (no boots)
Stlth    ..........             W - amulet of the acrobat
HPRegen  0.32/turn              w - +6 ring of strength
MPRegen  0.20/turn              U - +4 ring of protection

@: acrobat
A: talons 2, iridescent scales 3, spiny 2, magic shield
a: Minor Destruction, Lesser Servant of Makhleb, Major Destruction, Greater
Servant of Makhleb, Renounce Religion


You were on level 3 of the Swamp.
You worshipped Makhleb.
Makhleb was exalted by your worship.
You were not hungry.

You visited 4 branches of the dungeon, and saw 26 of its levels.

You collected 2833 gold pieces.
You spent 1500 gold pieces at shops.

Inventory:

Hand Weapons
 g - a +2 flail of venom (weapon)
 T - a +0 morningstar
Armour
 c - a +1 kite shield (worn)
 u - a +1 helmet (worn)
 C - a +0 plate armour (worn)
 N - a +0 cloak (worn)
 V - a +2 pair of gloves of strength (worn)
Jewellery
 b - an uncursed ring of ice
 o - an uncursed ring of protection from magic
 v - an uncursed ring of protection from fire
 w - a +6 ring of strength (left hand)
 z - an uncursed ring of protection from fire
 D - an uncursed ring of protection from magic
 U - a +4 ring of protection (right hand)
 W - an amulet of the acrobat (around neck)
Wands
 h - a wand of flame (17)
 t - a wand of disintegration (38)
 y - a wand of polymorph (17)
 B - a wand of clouds (5)
 G - a wand of iceblast (7)
 I - a wand of digging (9)
 Z - a wand of enslavement (15)
Scrolls
 d - 4 scrolls of enchant weapon
 e - 2 scrolls of enchant armour
 i - 4 scrolls of teleportation
 j - 10 scrolls of identify
 q - 4 scrolls of magic mapping
 s - 7 scrolls of blinking
 E - 2 scrolls of fog {unknown}
 J - 2 scrolls of amnesia
 M - 3 scrolls of remove curse
 P - 3 scrolls of immolation
Potions
 l - a potion of haste {unknown}
 m - 8 potions of curing
 n - 3 potions of stabbing
 p - a potion of brilliance
 r - 5 potions of invisibility
 x - 2 potions of resistance
 A - 4 potions of lignification
 F - 6 potions of mutation
 H - 5 potions of flight
 L - 3 potions of might
 O - 2 potions of ambrosia
 Q - 3 potions of berserk rage
 R - 3 potions of magic
Miscellaneous
 K - a tin of tremorstones (3/3)
Comestibles
 a - 3 chunks of flesh
 f - 27 rations


   Skills:
 + Level 14.4 Fighting
   Level 10.0(12.6) Axes
 - Level 12.7(14.0) Maces & Flails
 - Level 10.2 Armour
 + Level 8.3 Dodging
 - Level 9.2 Shields
 - Level 15.0 Invocations


You had 15 spell levels left.
You didn't know any spells.
Your spell library contained the following spells:

 Spells                   Type           Power        Failure   Level  Hunger
 Animate Skeleton         Necr           N/A          99%         1    ##.....
 Apportation              Tloc           #.....       99%         1    ##.....
 Beastly Appendage        Tmut           #.....       99%         1    ##.....
 Corona                   Hex            #......      99%         1    ##.....
 Pain                     Necr           #...         99%         1    ##.....
 Sandblast                Erth           #.....       99%         1    ##.....
 Sting                    Tmut/Pois      #...         99%         1    ##.....
 Summon Small Mammal      Summ           #...         99%         1    ##.....
 Ensorcelled Hibernation  Hex/Ice        #.....       100%        2    ###....
 Passwall                 Tmut/Erth      #.......     100%        2    ###....
 Poisonous Vapours        Pois/Air       #.....       100%        2    ###....
 Slow                     Hex            #.......     100%        2    ###....
 Sticks to Snakes         Tmut           #.......     100%        2    ###....
 Confusing Touch          Hex            #.......     100%        3    ####...
 Dazzling Flash           Conj/Hex       #.....       100%        3    ####...
 Ignite Poison            Fire/Tmut/Pois #.......     100%        3    ####...
 Inner Flame              Hex/Fire       #.......     100%        3    ####...
 Mephitic Cloud           Conj/Pois/Air  #.......     100%        3    ####...
 Portal Projectile        Hex/Tloc       #.....       100%        3    ####...
 Spider Form              Tmut/Pois      #.........   100%        3    ####...
 Stone Arrow              Conj/Erth      #.....       100%        3    ####...
 Tukima's Dance           Hex            #.......     100%        3    ####...
 Vampiric Draining        Necr           #.........   100%        3    ####...
 Animate Dead             Necr           N/A          100%        4    #####..
 Cause Fear               Hex            #.........   100%        4    #####..
 Ice Form                 Ice/Tmut       #.......     100%        4    #####..
 Leda's Liquefaction      Hex/Erth       #.........   100%        4    #####..
 Olgreb's Toxic Radiance  Pois           #.......     100%        4    #####..
 Petrify                  Tmut/Erth      #.......     100%        4    #####..
 Agony                    Necr           #.......     100%        5    ######.
 Blade Hands              Tmut           #.........   100%        5    ######.
 Lee's Rapid Deconstruct  Erth           #.........   100%        5    ######.


Dungeon Overview and Level Annotations

Branches:
Dungeon (15/15)            Temple (0/1) D:6            Lair (6/6) D:9
  Swamp (3/4) Lair:4       Spider (0/4) Lair:4        Slime (0/5) Lair:6
    Orc (2/2) D:9             Elf (0/3) Orc:2        Vaults (0/5) D:14
 Depths (0/5) D:15

Altars:
Ashenzari
Cheibriados
Elyvilon
Fedhas
Gozag
Kikubaaqudgha
Makhleb
Nemelex Xobeh
Okawaru
Vehumet
Wu Jian
Zin
Beogh
Jiyva

Shops:
D:9 !   D:10 ![*[   D:13 (   D:14 (   Orc:2 *=!:[!

Portals:
Abyss: Lair:4
Trove: D:15 (give +2 gold dragon scales)

Annotations:
D:7 3 runed translucent doors, Ivernyr's ghost, novice VSIE
D:9 2 transporters, MrPhil's ghost, novice HOGl
Lair:4 2 transporters, exclusion: ice statue, HunfridMar's ghost, journeyman DECj
Swamp:3 Mara


Innate Abilities, Weirdness & Mutations

You have razor-sharp toenails.
You are completely covered in iridescent scales. (AC +6)
You are mostly covered in sharp spines.
When hurt, damage is shared between your health and your magic reserves.


Message History

Mara shimmers and seems to become two!
Mara blinks!
Mrkan's illusion closely misses you.
You feel better.
Your Executioner gestures.
Your Executioner seems to speed up.
You block Mara's attack.
Your Executioner hits Mrkan's illusion but does no damage. x3
Mara gestures at you.
You struggle to resist.
Mara barely misses you. You block Mrkan's illusion's attack.
Mara blinks!
Your Executioner hits Mrkan's illusion.
Your Executioner completely misses Mrkan's illusion.
Your Executioner hits Mrkan's illusion but does no damage. x3
Your Executioner barely misses Mrkan's illusion.
Your Executioner hits Mrkan's illusion but does no damage. x3
Mara blinks!
Mara's face changes twice.
Mara gestures at you. The bolt of fire hits you!!
You die...

♣≈♣ ♣♣♣ ♣♣♣♣♣♣ ≈≈≈≈..
≈..♣♣..♣♣♣♣♣...≈♣♣>≈≈≈%.
...≈...≈.§♣.§.§≈≈♣.≈≈....
≈≈≈.≈.≈≈≈♣ ♣§≈≈≈..≈≈≈≈.≈≈
≈≈≈....≈≈≈♣♣♣♣§....≈≈≈≈.♣
≈.♣.§≈≈≈≈≈..♣♣♣.§≈≈≈≈≈≈.♣
♣≈.≈≈≈≈≈≈.R.♣≈1≈≈≈..≈≈.♣
♣.≈≈≈≈R.1≈.♣..≈≈..♣♣.♣♣
♣♣.≈≈≈≈.@@R.§♣.....♣ ♣
♣♣♣≈..≈≈..♣♣♣≈♣♣♣.≈≈≈♣♣♣
≈≈.≈§≈§≈§.♣♣♣♣♣ ♣.≈≈.♣§♣
≈≈≈≈≈≈≈..♣♣♣≈♣♣ ♣♣....≈♣♣♣♣
≈≈≈≈≈≈≈÷♣♣♣≈≈≈♣ ♣♣.≈≈...≈..
≈§.≈≈≈≈.≈≈♣.≈.♣♣♣.≈≈≈≈≈≈♣.≈
≈..≈≈≈....♣♣♣≈♣♣§...≈≈≈≈≈.≈
≈..≈≈..§.♣♣......≈≈.≈≈≈≈≈≈.
≈......≈.....≈≈..††≈≈≈..≈≈≈


You could see 3 Maras, Mrkan's illusion (very poisoned) and a friendly
Executioner (summoned, fast).

Vanquished Creatures
  Rupert (D:13)
  Frances (D:13)
  A thorn hunter (Swamp:3)
  Kirke (D:13)
  An orc warlord (Orc:1)
  2 ghouls
  A dire elephant (D:15)
  Snorg (D:11)
  Erolcha (Orc:2)
  8 vault guards
  Fannar (D:11)
  3 ogre magi
  11 hydras
  6 centaur warriors
  8 alligators
  2 ghost crabs
  10 death yaks
  2 shambling mangroves
  Urug (D:11)
  6 two-headed ogres
  Nergalle (D:10)
  4 spriggans
  A skeletal warrior (D:14)
  3 swamp dragons (Swamp:1)
  An unseen horror (D:13)
  5 orc knights
  A wolf spider zombie (D:14)
  6 deep elf magi
  3 wolf spiders
  2 manticores (D:15)
  7 orc sorcerers
  14 ugly things
  2 cyclopes
  3 elephants
  10 black mambas
  8 centaur zombies
  A naga mage (D:15)
  A guardian serpent (Lair:6)
  20 spiny frogs
  A gargoyle (D:15)
  Psyche (D:10)
  4 komodo dragons
  3 centaur skeletons
  2 kobold demonologists
  A rime drake (Lair:4)
  A tengu conjurer (D:15)
  A troll (Orc:1)
  2 jumping spiders (Lair:4)
  A polar bear (Lair:4)
  3 meliai
  A meliai (shapeshifter) (D:15)
  6 dream sheep (Lair:6)
  10 bog bodies
  9 slime creatures
  4 tyrant leeches
  9 hornets
  2 hippogriffs
  11 blink frogs
  Prince Ribbit (D:6)
  3 redbacks
  Sigmund (D:6)
  11 wyverns
  2 shadows
  4 hogs
  44 yaks
  A basilisk (Lair:6)
  A vampire (D:15)
  A human (D:9)
  A hungry ghost (D:15)
  13 vampire mosquitoes
  10 swamp worms
  5 wargs
  15 insubstantial wisps
  Edmund (D:6)
  Duvessa (D:7)
  14 water moccasins
  4 swamp drakes
  6 phantoms
  20 orc warriors
  6 porcupines
  4 sky beasts
  13 ice beasts
  14 ogres
  4 black bears
  2 necrophages
  4 wolves (Lair:4)
  An eye of draining (D:12)
  8 centaurs
  10 crocodiles
  4 big kobolds
  17 bullfrogs
  4 gnoll sergeants
  2 wyvern zombies
  A wyvern skeleton (D:14)
  Dowan (D:7)
  5 scorpions
  4 killer bees (D:13)
  16 wights
  An electric eel (D:14)
  A howler monkey (D:6)
  2 crimson imps
  3 bullfrog zombies
  2 quasits (D:10)
  8 hounds
  2 jellies
  14 orc priests
  2 bullfrog skeletons
  4 iguanas
  Ijyb (D:5)
  25 orc wizards
  12 worker ants
  A hound zombie (D:6)
  3 hound skeletons
  A mummy (D:14)
  A worker ant zombie (D:5)
  12 gnolls
  15 adders
  3 shadow imps
  A worm (D:2)
  2 dart slugs (D:1)
  10 leopard geckos
  65 orcs
  9 giant cockroaches
  7 goblins
  7 hobgoblins
  7 jackals
  10 kobolds
  4 quokkas
  5 bats
  3 frilled lizards
  A leopard gecko zombie (D:5)
  A quokka zombie (D:8)
  10 rats
  5 fungi
  2 plants
774 creatures vanquished.

Vanquished Creatures (collateral kills)
  Roxanne (D:15)
  A hydra (D:13)
  A two-headed ogre (D:13)
  An ogre mage (Orc:2)
  An unseen horror (D:13)
  A spiny frog (Lair:4)
  A freezing wraith (Lair:4)
  A kobold demonologist (D:13)
  Maggie (D:10)
  A meliai (D:14)
  A slime creature (D:14)
  2 yaks (D:11)
  A water moccasin (Lair:6)
  An ice beast (D:13)
  An orc warrior (D:15)
  A centaur (D:10)
  An ogre (Orc:2)
  A killer bee (D:13)
  A wight (D:10)
  A bullfrog skeleton (D:10)
  4 orc wizards (Orc:2)
  A mummy (D:14)
  3 orcs
29 creatures vanquished.

Vanquished Creatures (others)
  An alligator (Swamp:1)
  A hornet (Swamp:1)
  2 humans (D:13)
  An orc wizard (Orc:2)
  2 gnolls (D:13)
  2 orcs
  6 fungi
  11 plants
26 creatures vanquished.

Grand Total: 829 creatures vanquished

Notes
Turn   | Place    | Note
-------+----------+-------------------------------------------
     0 | D:1      | Mrkan the Demonspawn Fighter began the quest for the Orb.
     0 | D:1      | Reached XP level 1. HP: 18/18 MP: 1/1
    72 | D:1      | Gained mutation: You are partially covered in sharp spines.
                  | [demonic ancestry]
    72 | D:1      | Reached XP level 2. HP: 23/24 MP: 2/2
   330 | D:1      | Reached XP level 3. HP: 29/29 MP: 3/3
   959 | D:2      | Found a burning altar of Makhleb.
   959 | D:2      | Noticed a green death
   963 | D:2      | Noticed a ynoxinul
   963 | D:2      | Noticed a neqoxec
   965 | D:2      | Became a worshipper of Makhleb the Destroyer
  1062 | D:2      | Found an iron altar of Okawaru.
  1078 | D:2      | Reached XP level 4. HP: 31/37 MP: 4/4
  1307 | D:2      | Found a shattered altar of Ashenzari.
  1312 | D:2      | Saw a vision of the Swamp and the Spider Nest.
  1312 | D:2      | Noticed an alligator
  1312 | D:2      | Noticed a water moccasin
  1312 | D:2      | Noticed an alligator
  1312 | D:2      | Noticed a wolf spider
  1312 | D:2      | Noticed a wolf spider
  1312 | D:2      | Noticed a wolf spider
  1312 | D:2      | Noticed a redback
  1312 | D:2      | Noticed a redback
  1313 | D:2      | Noticed a swamp drake
  1313 | D:2      | Noticed a wolf spider
  1664 | D:3      | Found an ornate altar of the Wu Jian Council.
  1781 | D:3      | Found a snail-covered altar of Cheibriados.
  2218 | D:3      | Noticed a centaur
  2225 | D:3      | Killed a centaur
  2225 | D:3      | Gained mutation: You are partially covered in iridescent
                  | scales. (AC +2) [demonic ancestry]
  2225 | D:3      | Reached XP level 5. HP: 30/42 MP: 5/5
  2804 | D:4      | Noticed an ogre
  2820 | D:4      | Killed an ogre
  2820 | D:4      | Gained mutation: When hurt, damage is shared between your
                  | health and your magic reserves. [demonic ancestry]
  2820 | D:4      | Reached XP level 6. HP: 25/49 MP: 6/6
  2836 | D:4      | Reached skill level 5 in Axes
  3046 | D:4      | Found a white marble altar of Elyvilon.
  3179 | D:4      | Noticed a sky beast
  3190 | D:4      | Killed a sky beast
  3190 | D:4      | Reached skill level 5 in Fighting
  3719 | D:5      | Entered Level 5 of the Dungeon
  3810 | D:5      | Noticed an ice beast
  3821 | D:5      | Killed an ice beast
  3821 | D:5      | Gained mutation: You are mostly covered in iridescent
                  | scales. (AC +4) [demonic ancestry]
  3821 | D:5      | Reached XP level 7. HP: 47/56 MP: 5/7
  3969 | D:5      | Reached * piety under Makhleb
  3992 | D:5      | Noticed Ijyb
  4015 | D:5      | Killed Ijyb
  4176 | D:5      | Got a faintly glowing ring mail
  4468 | D:5      | Found a glowing silver altar of Zin.
  4645 | D:6      | Identified the +1 ring mail of the Past {rN+ MR- Stlth+}
                  | (You found it on level 5 of the Dungeon)
  4896 | D:6      | Reached XP level 8. HP: 61/64 MP: 8/8
  4996 | D:6      | Noticed Sigmund
  5011 | D:6      | Noticed Edmund
  5024 | D:6      | Killed Edmund
  5038 | D:6      | Killed Sigmund
  5186 | D:6      | Found a staircase to the Ecumenical Temple.
  5187 | D:6      | Noticed Prince Ribbit
  5199 | D:6      | Killed Prince Ribbit
  5373 | D:6      | Reached XP level 9. HP: 71/71 MP: 9/9
  5374 | D:6      | Reached ** piety under Makhleb
  6193 | D:7      | Reached skill level 10 in Axes
  6478 | D:7      | Noticed Duvessa
  6478 | D:7      | Noticed Dowan
  6488 | D:7      | Killed Duvessa
  6497 | D:7      | Killed Dowan
  7023 | D:7      | Found a runed translucent gate.
  7023 | D:7      | Found a runed translucent gate.
  7023 | D:7      | Found a runed translucent gate.
  7023 | D:7      | Found an opulent altar of Gozag.
  7025 | D:7      | Noticed Ivernyr's ghost (novice VSIE)
  7276 | D:8      | Reached skill level 5 in Shields
  7285 | D:8      | Reached XP level 10. HP: 54/80 MP: 5/10
  7454 | D:8      | Reached *** piety under Makhleb
  7666 | D:8      | Found an ancient bone altar of Kikubaaqudgha.
  7980 | D:9      | Found a transporter.
  7984 | D:9      | Noticed MrPhil's ghost (novice HOGl)
  8013 | D:9      | Found a transporter.
  8028 | D:9      | Found Xostrewor's Distillery.
  8052 | D:9      | Found a sparkling altar of Nemelex Xobeh.
  8137 | D:9      | Reached skill level 1 in Invocations
  8345 | D:9      | Reached skill level 2 in Invocations
  8433 | D:9      | Found a staircase to the Orcish Mines.
  8566 | D:9      | Found a staircase to the Lair.
  8890 | D:9      | Reached skill level 3 in Invocations
  8893 | D:9      | Reached skill level 5 in Armour
  9063 | D:9      | Reached skill level 4 in Invocations
  9166 | D:10     | Entered Level 10 of the Dungeon
  9248 | D:10     | Found Sikytyje's Distillery.
  9248 | D:10     | Noticed Nergalle
  9250 | D:10     | Found Cofihew's Antique Armour Emporium.
  9275 | D:10     | Killed Nergalle
  9460 | D:10     | Bought 2 potions of mutation for 224 gold pieces
  9460 | D:10     | Bought a potion of lignification for 42 gold pieces
  9460 | D:10     | Bought a potion of heal wounds for 70 gold pieces
  9460 | D:10     | Bought a potion of curing for 42 gold pieces
  9506 | D:10     | Reached skill level 5 in Invocations
  9753 | D:10     | Found Onkasago's Assorted Antiques.
  9761 | D:10     | Bought a steaming flail for 195 gold pieces
  9804 | D:10     | Noticed Psyche
  9833 | D:11     | Noticed Snorg
  9853 | D:11     | Killed Snorg
  9853 | D:11     | Reached **** piety under Makhleb
  9853 | D:11     | Reached XP level 11. HP: 6/86 MP: 1/15
 10132 | D:10     | Noticed Maggie
 10151 | D:10     | Reached skill level 6 in Invocations
 10154 | D:10     | Killed Maggie
 10270 | D:10     | Found Hunar's Antique Armour Boutique.
 10282 | D:10     | Identified the cursed +0 flail "Xoash" {vorpal, Int+3} (You
                  | bought it in a shop on level 10 of the Dungeon)
 10416 | D:10     | Noticed an orc knight
 10416 | D:10     | Noticed a four-headed hydra
 10416 | D:10     | Noticed a deep elf mage
 10438 | D:10     | Killed a four-headed hydra
 10681 | Lair:1   | Entered Level 1 of the Lair of Beasts
 10918 | Lair:1   | Reached skill level 7 in Invocations
 11163 | Lair:2   | Reached skill level 1 in Maces & Flails
 11375 | Lair:2   | Noticed a death yak
 11376 | Lair:2   | Noticed a death yak
 11377 | Lair:2   | Noticed a death yak
 11407 | Lair:2   | Killed a death yak
 11407 | Lair:2   | Reached skill level 8 in Invocations
 11416 | Lair:2   | Noticed a death yak
 11418 | Lair:2   | Noticed a death yak
 11421 | Lair:2   | Noticed a death yak
 11440 | Lair:2   | Killed a death yak
 11447 | Lair:2   | Killed a death yak
 11447 | Lair:2   | Gained mutation: You have sharp toenails. [demonic
                  | ancestry]
 11447 | Lair:2   | Reached XP level 12. HP: 77/95 MP: 8/18
 11456 | Lair:2   | Killed a death yak
 11466 | Lair:2   | Killed a death yak
 11479 | Lair:2   | Killed a death yak
 11691 | Lair:2   | Reached skill level 9 in Invocations
 11761 | Lair:2   | Reached ***** piety under Makhleb
 13428 | Lair:4   | Reached skill level 10 in Fighting
 13906 | Lair:4   | Found a hole to the Spider Nest.
 14225 | Lair:4   | Reached skill level 10 in Invocations
 14363 | Lair:4   | Reached skill level 5 in Maces & Flails
 14399 | Lair:4   | Found a transporter.
 14546 | Lair:4   | Found a staircase to the Swamp.
 14563 | Lair:4   | Found a transporter.
 14589 | Lair:4   | Noticed HunfridMar's ghost (journeyman DECj)
 14593 | Lair:4   | Found a one-way gate to the infinite horrors of the Abyss.
 14719 | Lair:4   | Noticed a five-headed hydra
 14737 | Lair:4   | Killed a five-headed hydra
 15327 | Lair:5   | Noticed a death yak
 15329 | Lair:5   | Noticed a death yak
 15339 | Lair:5   | Noticed a death yak
 15353 | Lair:5   | Killed a death yak
 15367 | Lair:5   | Killed a death yak
 15368 | Lair:5   | Killed a death yak
 15368 | Lair:5   | Gained mutation: You are completely covered in iridescent
                  | scales. (AC +6) [demonic ancestry]
 15368 | Lair:5   | Reached XP level 13. HP: 60/104 MP: 6/21
 15586 | Lair:5   | Reached skill level 11 in Invocations
 15875 | Lair:6   | Entered Level 6 of the Lair of Beasts
 17377 | Lair:6   | Reached ****** piety under Makhleb
 17542 | Lair:6   | Found a viscous altar of Jiyva.
 17543 | Lair:6   | Found a staircase to the Slime Pits.
 17609 | Lair:6   | Reached skill level 12 in Invocations
 18343 | Orc:1    | Entered Level 1 of the Orcish Mines
 18592 | Orc:2    | Entered Level 2 of the Orcish Mines
 18658 | Orc:2    | Found Noipax's Jewellery Shop.
 18666 | Orc:2    | Bought a +4 ring of protection for 504 gold pieces
 18804 | Orc:2    | Found Darcheasi's General Store.
 18809 | Orc:2    | Found a staircase to the Elven Halls.
 18810 | Orc:2    | Bought a potion of curing for 51 gold pieces
 19083 | Orc:2    | Noticed an orc warlord
 19426 | Orc:1    | Killed an orc warlord
 19426 | Orc:1    | Reached skill level 10 in Armour
 19628 | Orc:2    | Gained mutation: You are mostly covered in sharp spines.
                  | [demonic ancestry]
 19628 | Orc:2    | Reached XP level 14. HP: 113/113 MP: 23/23
 19632 | Orc:2    | Paralysed by an orc sorcerer for 3 turns
 19639 | Orc:2    | Paralysed by an orc sorcerer for 6 turns
 19669 | Orc:2    | Found Fuxt's Distillery.
 19682 | Orc:2    | Found Typlif's Distillery.
 19743 | Orc:2    | Bought a potion of might for 52 gold pieces
 19743 | Orc:2    | Bought a potion of mutation for 104 gold pieces
 19743 | Orc:2    | Bought a potion of mutation for 104 gold pieces
 19756 | Orc:2    | Found an ancient bone altar of Kikubaaqudgha.
 19789 | Orc:2    | Noticed Erolcha
 19802 | Orc:2    | Found a radiant altar of Vehumet.
 19806 | Orc:2    | Killed Erolcha
 19959 | Orc:2    | Found a roughly hewn altar of Beogh.
 19959 | Orc:2    | Found Wixzagir's Antique Armour Shop.
 19983 | Orc:2    | Found Hecob's Book Boutique.
 20049 | Orc:2    | Bought a potion of curing for 42 gold pieces
 20049 | Orc:2    | Bought a potion of heal wounds for 70 gold pieces
 20490 | Orc:1    | Paralysed by an orc sorcerer for 4 turns
 20978 | D:10     | Killed Psyche
 21160 | D:10     | Reached skill level 1 in Dodging
 21569 | D:11     | Noticed Fannar
 21571 | D:11     | Found an opulent altar of Gozag.
 21585 | D:11     | Killed Fannar
 21938 | D:11     | Noticed Urug
 21948 | D:11     | Killed Urug
 22221 | D:11     | Identified a scroll of acquirement
 22221 | D:11     | Acquired an uncursed ring of protection from magic
 22691 | D:12     | Reached skill level 13 in Invocations
 23545 | D:13     | Reached skill level 10 in Maces & Flails
 23720 | D:13     | Noticed Kirke
 23746 | D:13     | Killed Kirke
 23815 | D:13     | Found Osueck's Antique Weapon Shop.
 23838 | D:13     | Noticed Rupert
 23838 | D:13     | Noticed Frances
 23847 | D:13     | Killed Frances
 23852 | D:13     | Killed Rupert
 24407 | D:14     | Noticed a ghoul
 24446 | D:14     | Killed a ghoul
 24446 | D:14     | Gained mutation: You have razor-sharp toenails. [demonic
                  | ancestry]
 24446 | D:14     | Reached XP level 15. HP: 70/122 MP: 8/25
 25334 | D:14     | Reached skill level 14 in Invocations
 25475 | D:14     | Found a gate to the Vaults.
 25546 | D:14     | Reached skill level 5 in Dodging
 25561 | D:14     | Found a blossoming altar of Fedhas.
 25787 | D:14     | Found Dietegg's Weapon Shoppe.
 25962 | D:15     | Entered Level 15 of the Dungeon
 26037 | D:15     | Identified Roxanne's Disquisition on Shape Shifting
 26037 | D:15     | Noticed Roxanne
 26046 | D:15     | Noticed an Executioner
 26159 | D:15     | Killed Roxanne
 26867 | D:15     | Found a portal to a secret trove of treasure.
 27076 | D:15     | Found a staircase to the Depths.
 28172 | Swamp:1  | Entered Level 1 of the Swamp
 28668 | Swamp:1  | Paralysed by a hornet for 1 turns
 28703 | Swamp:1  | Reached XP level 16. HP: 131/131 MP: 24/27
 28764 | Swamp:1  | Reached skill level 15 in Invocations
 29528 | Swamp:2  | Found a frozen archway.
 30608 | Swamp:3  | Noticed a thorn hunter
 30623 | Swamp:3  | Killed a thorn hunter
 30849 | Swamp:3  | Noticed Mara
 30895 | Swamp:3  | Noticed Mrkan's illusion
 30899 | Swamp:3  | HP: 5/134 [poisoned by Mrkan's illusion]
 30902 | Swamp:3  | Killed from afar by Mara (illusionary)

Illustrated notes

Levels and vault maps discovered:
D:1:      saegor_arrival_simple_a, layout_basic, hangedman_decor_riveting
D:2:      lemuel_upstairs_altar, layout_rooms, makhleb_altar_promises_db,
          okawaru_ov_weapons_minmay, nicolae_overflow_hidden_temple,
          hangedman_abyss_or_decor_lesser_grid, grunt_ashenzari_visionary
          [grunt_ashenzari_visionary_swamp, grunt_ashenzari_visionary_spider],
          uniq_natasha
D:3:      minmay_bubble_buster, layout_loops_ring,
          nicolae_overflow_crystal_walls, cheibriados_altar_1,
          minmay_misc_feat_rugged, minivault_5
D:4:      layout_cave_pods, old_standard_altar
D:5:      layout_basic, kennysheep_mini, first_ration, uniq_ijyb
D:6:      layout_loops_ring, minmay_temple_entry_tees, minivault_24,
          sigmund_edmund_badplayer, uniq_prince_ribbit1
D:7:      layout_loops_corners, ebering_ghost_gozag, uniq_duvessa
D:8:      layout_rooms, lemuel_coloured_pillars_altar
D:9:      layout_irregular_city, nemelex_xobeh_ov_fountains_minmay,
          dpeg_oklobed_lair, david_orc_3, gammafunk_ghost_stat_death,
          serial_shops, shop, grunt_livestock, chequers_serial_rivers_large_a
D:10:     minmay_the_grid_four_pointed_star_mashed
          [minmay_the_grid_triangle_9x9_minimal,
          minmay_the_grid_triangle_9x9_longest,
          minmay_the_grid_triangle_9x9_warning,
          minmay_the_grid_triangle_9x9_skeleton,
          minmay_the_grid_prize_big_room], layout_basic, serial_shops,
          shop_fountains, shop, shop, shop, uniq_maggie, uniq_psyche,
          uniq_nergalle
D:11:     layout_irregular_city, basic_altar, serial_column_ruins,
          column_ruins_square_medium, column_ruins_hut, column_ruins_grid_4,
          column_ruins_open_medium, column_ruins_columns_T,
          column_ruins_corridor_T, minivault_4, palyth_stone_intersect,
          uniq_snorg, uniq_urug, uniq_fannar
D:12:     layout_cave_pods
D:13:     layout_roguey, serial_shops, shop, hangedman_decor_points,
          uniq_rupert, uniq_kirke, uniq_frances
D:14:     layout_cave_pools, erik_vaults_2, serial_undead, serial_undead_f,
          serial_undead_e, serial_undead_a, serial_undead_f, serial_undead_a,
          serial_undead_b, serial_shops, shop, fedhas_altar_2
D:15:     hangedman_depths_entry_try_elsewhere_first, layout_gridville,
          grunt_decor_cap, enter_trove_2, minmay_diced_spiral, uniq_roxanne
Lair:1:   layout_misc_corridors, grunt_megastairs_3, infiniplex_staircase_pool
Lair:2:   layout_roguey
Lair:3:   layout_concentric_octagons, lemuel_fruit_fields
Lair:4:   layout_loops_ring, swamp_mist, spider_nest_entry_funnel_web,
          gammafunk_ghost_abyssal_escape, minivault_27, ice2_lemuel
Lair:5:   layout_misc_corridors
Lair:6:   hangedman_lair_tendril_chambers, layout_gridlike,
          dpeg_slime_entry_enclosed_altar
Swamp:1:  layout_basic_swamp, serial_swamp_ruin, evilmike_swamp_ruin_house_1,
          evilmike_swamp_ruin_house_2, hangedman_swamp_ruin_hall
Swamp:2:  layout_basic_swamp, portal_ice_cave_entry_pillars_four,
          evilmike_swamp_ruin_house_6, swamp_pool2
Swamp:3:  layout_basic_swamp, evilmike_swamp_ruin_rubble_1, uniq_mara
Orc:1:    nicolae_orc_accident_1, layout_diamond_mine, sword_in_stone
Orc:2:    kennysheep_orc_mage_school, layout_caves, serial_shops, shop,
          minmay_shop_enchanted_jewellery

Skill      XL: |  1  2  3  4  5  6  7  8  9 10 11 12 13 14 15 16 |
---------------+-------------------------------------------------+-----
Axes           | 2 3 4 5 7 9 10 | 10.0
Fighting       | 4 5 6 7 8 9 10 11 12 13 14 | 14.4
Shields        | 5 8 9 |  9.2
Armour         | 4 6 7 9 10 | 10.2
Invocations    | 5 8 10 12 13 14 15 | 15.0
Maces & Flails | 2 5 8 10 12 | 12.7
Dodging        | 3 6 8 |  8.3

Action                   |  1- 3 |  4- 6 |  7- 9 | 10-12 | 13-15 | 16-18 || total
-------------------------+-------+-------+-------+-------+-------+-------++-------
Melee: War axe           |    74 |   107 |   317 |   287 |    13 |       ||   798
       Flail             |       |       |       |   477 |  1514 |   363 ||  2354
       Kick              |       |       |       |       |   284 |   157 ||   441
Invok: Lesser Servant of |       |       |       |     6 |     5 |       ||    11
       Major Destruction |       |       |       |     1 |       |       ||     1
       Greater Servant o |       |       |       |       |     5 |     2 ||     7
  Use: Scroll            |       |       |     7 |    17 |    12 |       ||    36
       Potion            |       |       |     2 |     8 |     8 |     5 ||    23
 Stab: Distracted        |       |       |       |     1 |     2 |       ||     3
  Eat: Chunk             |     1 |     1 |    12 |    20 |    42 |     8 ||    84
       Ration            |       |     2 |       |     2 |     1 |       ||     5
Armor: Scale mail        |    29 |     5 |       |       |       |       ||    34
       Chain mail        |       |    58 |   181 |   116 |       |       ||   355
       Plate armour      |       |       |       |   392 |   878 |   228 ||  1498
Dodge: Dodged            |    21 |    10 |    49 |   169 |   495 |   174 ||   918
Block: Kite shield       |    46 |    46 |   125 |   534 |  1065 |   258 ||  2074
